 Dungeon Crawl Stone Soup version 0.23.2-40-g277498a001 (webtiles) character file.

Game seed: 15134883494496013230

193 Descartes the Insei (level 5, 0/26 HPs)
             Began as a Vine Stalker Transmuter on Oct 1, 2019.
             Slain by Grinder (2 damage)
             ... on level 3 of the Dungeon.
             The game lasted 00:07:20 (2787 turns).

Descartes the Insei (Vine Stalker Transmuter)       Turns: 2787, Time: 00:07:20

Health: 0/26       AC:  6    Str: 12    XL:     5   Next: 72%
Magic:  0/10       EV: 11    Int: 14    God:
Gold:   166        SH:  0    Dex: 15    Spells: 3/10 levels left

rFire    . . .     SeeInvis .     - Unarmed
rCold    . . .     Gourm    .   (no shield)
rNeg     . . .     Faith    .   s - +0 ring mail
rPois    +         Spirit   +   (no helmet)
rElec    .         Reflect  .   (no cloak)
rCorr    .         Harm     .   (no gloves)
MR       .....                  e - +0 pair of boots
Stlth    +.........             (no amulet)
HPRegen  0.48/turn              f - ring of poison resistance
MPRegen  0.12/turn              (no ring)

@: appendage (expiring), very slightly contaminated
A: fangs 2, horns 2, regeneration 1, magic shield, antimagic bite, no potion
heal 3, rot immunity
a: End Transformation


You were on level 3 of the Dungeon.
You were not hungry.
You had grown temporary horns.
You visited 1 branch of the dungeon, and saw 3 of its levels.

You collected 166 gold pieces.

Inventory:

Missiles
 a - 37 arrows
 g - 36 stones (quivered)
Armour
 b - a +0 robe
 e - a +0 pair of boots (worn)
 j - a cursed +0 scale mail
 s - a +0 ring mail (worn)
Jewellery
 f - a ring of poison resistance (left hand)
Wands
 o - a wand of flame (14)
Scrolls
 c - 2 scrolls of teleportation {unknown}
 h - a scroll of immolation {unknown}
 i - a scroll of identify {unknown}
 k - a scroll of enchant weapon {unknown}
 n - 2 scrolls of fog {unknown}
 p - a scroll of remove curse {unknown}
 q - a scroll of amnesia {unknown}
Potions
 l - a potion of degeneration {unknown}
 m - a potion of curing {unknown}
Comestibles
 d - 3 rations
 r - 4 chunks of flesh


   Skills:
 + Level 1.9 Fighting
 + Level 2.3 Dodging
 + Level 3.6 Unarmed Combat
 * Level 3.1 Spellcasting
 * Level 3.5 Transmutations
 + Level 1.0 Ice Magic


You had 3 spell levels left.
You knew the following spells:

 Your Spells              Type           Power        Failure   Level  Hunger
a - Beastly Appendage     Tmut           ##....       12%         1    #......
b - Sticks to Snakes      Tmut           ##......     17%         2    ##.....
c - Ice Form              Ice/Tmut       #.......     88%         4    #####..

Your spell library contained the following spells:

 Spells                   Type           Power        Failure   Level  Hunger
 Spider Form              Tmut/Pois      #.........   56%         3    ###....
 Blade Hands              Tmut           ##........   97%         5    ######.


Dungeon Overview and Level Annotations

Branches:
Dungeon (3/15)

Altars:
Trog
The Shining One

Annotations:
D:3 Grinder


Innate Abilities, Weirdness & Mutations

You have extremely sharp teeth.
Your natural rate of healing is unusually fast.
When hurt, damage is shared between your health and your magic reserves.
Your bite disrupts and absorbs the magic of your enemies.
Potions cannot restore your health.
You are immune to rotting.
You have a pair of horns on your head.


Message History

You hit Grinder but do no damage.
Grinder is severely wounded.
Grinder gestures at you. Pain shoots through your body!
You closely miss Grinder.
Grinder is severely wounded.
Your ring mail prevents you from hitting Grinder.
Grinder is severely wounded.
Grinder hits you.
You writhe in agony.
You hit Grinder. Your bite misses Grinder.
Grinder is severely wounded.
Grinder hits you.
You writhe in agony.
You hit Grinder but do no damage. You bite Grinder, but do no damage.
Grinder is severely wounded.
Grinder blinks!
Grinder says, "Mostly I couldn't keep them alive."
Grinder hits you!
* * * LOW HITPOINT WARNING * * *
You writhe in agony.
You die...

# #######.#
#..<....#
###..5@..##
#........#
##.########
#..# #####.##
#..รท..# ##.
#....##....
#...........
####....###....


You could see Grinder.

Vanquished Creatures
  An orc wizard (D:2)
  Robin (D:2)
  4 adders
  2 oozes (D:1)
  An adder skeleton (D:2)
  4 dart slugs
  2 leopard geckos
  4 orcs
  4 giant cockroaches
  15 goblins
  9 hobgoblins
  5 jackals (D:2)
  6 kobolds
  9 bats
  4 frilled lizards
  7 rats
78 creatures vanquished.

Vanquished Creatures (collateral kills)
  Terence (D:2)
1 creature vanquished.

Grand Total: 79 creatures vanquished

Notes
Turn   | Place    | Note
-------+----------+-------------------------------------------
     0 | D:1      | Descartes the Vine Stalker Transmuter began the quest for
                  | the Orb.
     0 | D:1      | Reached XP level 1. HP: 9/9 MP: 4/4
   122 | D:1      | Reached skill level 1 in Fighting
   131 | D:1      | Reached XP level 2. HP: 9/14 MP: 6/6
   673 | D:1      | Reached XP level 3. HP: 18/18 MP: 7/7
  1446 | D:2      | Gained mutation: Your natural rate of healing is unusually
                  | fast. [Vine Stalker growth]
  1446 | D:2      | Reached XP level 4. HP: 9/22 MP: 5/9
  1782 | D:2      | Learned a level 2 spell: Sticks to Snakes
  1787 | D:2      | Learned a level 4 spell: Ice Form
  1899 | D:2      | Noticed Terence
  1923 | D:2      | Killed Terence
  1985 | D:2      | Found a glowing golden altar of the Shining One.
  2030 | D:2      | Found a bloodstained altar of Trog.
  2379 | D:2      | Reached XP level 5. HP: 23/26 MP: 8/10
  2475 | D:2      | Noticed Robin
  2486 | D:2      | Killed Robin
  2648 | D:2      | Reached skill level 1 in Ice Magic
  2750 | D:3      | Noticed Grinder
  2787 | D:3      | Slain by Grinder

Skill      XL: |  1  2  3  4  5 |
---------------+----------------+-----
Fighting       | 1 |  1.9
Dodging        | 2 |  2.3
Transmutations | 3 |  3.5
Spellcasting   | 3 |  3.1
Ice Magic      | 1 |  1.0
Unarmed Combat | |  3.6

Action                   |  1- 3 |  4- 6 || total
-------------------------+-------+-------++-------
Melee: Unarmed           |   109 |   145 ||   254
       Bite              |    19 |    38 ||    57
       Kick              |     3 |       ||     3
       Headbutt          |     4 |    16 ||    20
       Punch             |     1 |       ||     1
 Cast: Beastly Appendage |    14 |    24 ||    38
       Sticks to Snakes  |       |     3 ||     3
Evoke: Wand              |       |     8 ||     8
 Stab: Sleeping          |     2 |       ||     2
  Eat: Chunk             |     1 |     6 ||     7
Armor: Robe              |    35 |    25 ||    60
       Ring mail         |       |    17 ||    17
Dodge: Dodged            |    84 |    85 ||   169
